 Dungeon Crawl Stone Soup version 0.26-a0-831-g7192265339 (webtiles) character file.

Game seed: 6839410715494049252

336 jasper the Ruffian (level 6, 0/50 HPs)
             Began as a Palentonga Wanderer on Nov 16, 2020.
             Slain by a gnoll
             ... wielding a +0 vorpal spear
              (2 damage)
             ... on level 3 of the Dungeon.
             The game lasted 00:06:05 (3212 turns).

jasper the Ruffian (Palentonga Wanderer)            Turns: 3212, Time: 00:06:05

Health: 0/50       AC:  8    Str: 18    XL:     6   Next: 28%
Magic:  6/6        EV:  9    Int: 14    God:
Gold:   143        SH:  0    Dex:  7    Spells: 2/5 levels left

rFire    . . .     SeeInvis +     - Unarmed
rCold    . . .     Faith    .   (no shield)
rNeg     . . .     Spirit   .   d - +0 robe
rPois    +         Reflect  .   (no helmet)
rElec    .         Harm     .   (no cloak)
rCorr    .         Rampage  .   (no gloves)
MR       .....                  (no barding)
Stlth    +.........             (no amulet)
HPRegen  0.16/turn              l - +4 ring of protection
MPRegen  0.10/turn              s - ring of poison resistance

@: brilliant, flying
A: large, rugged brown scales 3, see invisible, deformed body, roll 1, armoured
tail
a: Rolling Charge


You were on level 3 of the Dungeon.
You visited 1 branch of the dungeon, and saw 4 of its levels.

You collected 143 gold pieces.

Inventory:

Hand Weapons
 a - a +0 short sword
 e - a +0 dagger
Missiles
 b - 169 stones
 f - 5 poisoned darts (quivered)
 i - 25 bolts
Armour
 d - a +0 robe (worn)
Jewellery
 l - a +4 ring of protection (left hand)
 s - a ring of poison resistance (right hand)
Scrolls
 c - a scroll of teleportation {unknown}
 h - 8 scrolls of identify {unknown}
 m - 2 scrolls of remove curse {unknown}
 n - a scroll of fog {unknown}
 o - a scroll of blinking {unknown}
Potions
 p - a potion of flight
 q - a potion of mutation {unknown}
 r - a potion of berserk rage {unknown}


   Skills:
 - Level 1.0 Fighting
 - Level 2.0 Short Blades
 - Level 1.0 Throwing
 - Level 1.2 Stealth
 + Level 6.3 Unarmed Combat
 - Level 2.0 Transmutations
   Level 1.0 Ice Magic
   Level 1.0 Evocations


You had 2 spell levels left.
You knew the following spells:

 Your Spells              Type           Power        Failure   Level
a - Beastly Appendage     Tmut           #.....       13%         1
b - Wereblood             Tmut           #.......     19%         2

Your spell library contained the following spells:

 Spells                   Type           Power        Failure   Level
 Spider Form              Tmut/Pois      #.........   50%         3
 Ice Form                 Ice/Tmut       #.......     83%         4
 Blade Hands              Tmut           #.........   98%         5


Dungeon Overview and Level Annotations

Branches:
Dungeon (4/15)
 Temple: D:4-7

Altars:
Elyvilon
Fedhas
Gozag
Okawaru
Xom


Innate Abilities, Weirdness & Mutations

You are completely covered in rugged brown scales. (AC +3, +7% HP)
You have supernaturally acute eyesight. (SInv)
Armour fits poorly on your strangely shaped body.
You can roll at nearby foes to attack.
You have a long armoured tail.


Message History

Unknown command.
It was a potion of flight.
You feel very buoyant.
You fly up into the air.
The gnoll hits you but does no damage. x2
It was a potion of ambrosia.
You are confused.
You feel invigorated.
The gnoll hits you with a +0 vorpal spear.
* * * LOW HITPOINT WARNING * * *
x2 The gnoll hits you but does no damage.
It was a potion of curing.
You feel better.
You feel less invigorated.
The gnoll hits you with a +0 vorpal spear!
* * * LOW HITPOINT WARNING * * *
x2 The gnoll hits you with a +0 flail.
* * * LOW HITPOINT WARNING * * *
You take 1 damage, and have 2/50 hp.
It was a potion of brilliance.
You feel clever all of a sudden.
The gnoll hits you with a +0 vorpal spear.
You die...

...##..# #.......# #.##...
.)..#..# ###...### #####.##.##
.#..####### #...# #..........
.)...#≈≈≈≈# #...# ##.###.##.##
.....#≈≈≈≈####...#####.......#.##
.....'≈≈≈≈')##...#.<.#..#......##
.##..#≈≈≈≈#).......#....#.#..####
.##..#≈≈≈≈#.....†g######.....##..
###[.######.....@..## ##....##.#
###.......##.#..g#..# ###.#.##.#
.....#######.#.).#.## ≈≈#......#
####.# #.#...#.# ##≈#.#.#### #.#
#.#...#.# ##≈≈###.#
#.#######.......###≈≈≈#<..#
####.#..≈≈.........≈#≈≈≈≈########
.......≈≈≈≈≈≈≈≈≈≈)≈≈.≈≈≈≈#.......
#####.≈≈≈.≈≈≈.≈≈≈≈≈≈≈.≈≈≈.##..###


You could see 2 gnolls.

Vanquished Creatures
  A phantom (D:3)
  An orc priest (D:3)
  2 orc wizards (D:3)
  A hound (D:3)
  A hound skeleton (D:4)
  A gnoll (D:1)
  A howler monkey skeleton (D:4)
  2 adders
  An ufetubus (D:4)
  An ooze (D:2)
  A worm (D:3)
  A leopard gecko (D:2)
  5 orcs (D:3)
  5 bats
  4 giant cockroaches
  6 goblins
  11 hobgoblins
  7 jackals
  A ball python (D:1)
  4 frilled lizards
  7 kobolds
  8 rats
72 creatures vanquished.

Notes
Turn   | Place    | Note
-------+----------+-------------------------------------------
     0 | D:1      | jasper the Palentonga Wanderer began the quest for the Orb.
     0 | D:1      | jasper set off with the following items: a +0 short sword,
                  | a potion of lignification, a +0 robe, a +0 dagger; and the
                  | following spell memorised: Beastly Appendage; and the
                  | following spells available to memorise: Wereblood, Spider
                  | Form, Ice Form, Blade Hands
     0 | D:1      | Reached XP level 1. HP: 17/17 MP: 1/1
    95 | D:1      | Reached skill level 1 in Unarmed Combat
   195 | D:1      | Reached XP level 2. HP: 23/24 MP: 2/2
   268 | D:1      | Reached skill level 2 in Unarmed Combat
   411 | D:1      | Found a basalt altar of Yredelemnul.
   479 | D:1      | Reached XP level 3. HP: 29/29 MP: 3/3
   696 | D:1      | Found a shimmering altar of Xom.
   696 | D:1      | Found a shimmering altar of Xom.
   706 | D:1      | Found a white marble altar of Elyvilon.
   706 | D:1      | Found a blossoming altar of Fedhas.
   706 | D:1      | Found an opulent altar of Gozag.
   917 | D:2      | Reached skill level 3 in Unarmed Combat
  1544 | D:2      | Reached XP level 4. HP: 34/37 MP: 4/4
  1763 | D:2      | Learned a level 2 spell: Wereblood
  2002 | D:3      | Reached skill level 4 in Unarmed Combat
  2009 | D:3      | Reached XP level 5. HP: 42/42 MP: 5/5
  2195 | D:3      | Noticed a phantom
  2216 | D:3      | Reached skill level 5 in Unarmed Combat
  2216 | D:3      | Killed a phantom
  2217 | D:3      | Reached XP level 6. HP: 37/50 MP: 6/6
  2833 | D:3      | Reached skill level 6 in Unarmed Combat
  2945 | D:4      | Found an iron altar of Okawaru.
  3208 | D:3      | HP: 2/50 [gnoll/+0 flail (8)]
  3212 | D:3      | Slain by a gnoll

Illustrated notes

Levels and vault maps discovered:
D:1:      psy_arrival_statuary, layout_basic, minmay_misc_feat_more_columns,
          minmay_splitting_lines, hangedman_decor_slide_cut, doesnt_xom_only_xom
D:2:      layout_basic
D:3:      layout_loops_cross, serial_rivers, chequers_serial_rivers_micro_c,
          chequers_serial_rivers_large_a, chequers_serial_rivers_room_a,
          chequers_serial_rivers_room_b, kennysheep_generic_room_3
D:4:      layout_gridville, minmay_temple_entry_wispy, okawaru_trees_1

Skill      XL: |  1  2  3  4  5  6 |
---------------+-------------------+-----
Unarmed Combat | 1 2 3 4 5 6 |  6.3
Fighting       | |  1.0
Short Blades   | |  2.0
Throwing       | |  1.0
Stealth        | |  1.2
Transmutations | |  2.0
Ice Magic      | |  1.0
Evocations     | |  1.0

Action                   |  1- 3 |  4- 6 || total
-------------------------+-------+-------++-------
Melee: Short sword       |    97 |     5 ||   102
       Tailslap          |     7 |     4 ||    11
       Headbutt          |     2 |       ||     2
       Kick              |     5 |       ||     5
       Unarmed           |       |    69 ||    69
       Punch             |       |     4 ||     4
Throw: Dart              |    60 |    26 ||    86
       Stone             |       |     9 ||     9
 Cast: Beastly Appendage |     4 |       ||     4
 Abil: Rolling Charge    |    38 |    11 ||    49
  Use: Potion            |       |     6 ||     6
Armor: Robe              |    35 |    34 ||    69
       Skin              |       |    23 ||    23
Dodge: Dodged            |    37 |    37 ||    74

Table legend: (Time is in decaauts)
 A = Elapsed time spent in this place.
 B = Non-inter-level travel time spent in this place.
 C = Inter-level travel time spent in this place.
 D = Time resting spent in this place.
 E = Time spent auto-exploring this place.
 F = Levels seen in this place.
 G = Mean time per level.
                   A        B        C        D        E       F      G
               +--------+--------+--------+--------+--------+-----+--------+
         Total |   3217 |   3137 |     80 |    352 |   2328 |   4 |  804.2 |
       Dungeon |   3217 |   3137 |     80 |    352 |   2328 |   4 |  804.2 |
               +--------+--------+--------+--------+--------+-----+--------+

Top non-repeatable levels by time:
     D:3: 1382 daAuts
     D:1: 905 daAuts
     D:2: 866 daAuts
     D:4: 63 daAuts
